[Event "4NCL 2023-2024"]
[Site "Daventry"]
[Date "2024.05.04"]
[Round "9.46"]
[White "Mirzoeva, Elmira"]
[Black "Hansen, Hans-Peter"]
[Result "1/2-1/2"]
[ECO "D55"]
[WhiteElo "2252"]
[BlackElo "2167"]
[Annotator "TA"]
[PlyCount "165"]
[EventDate "2023.11.11"]
[EventType "team-tourn"]
[EventCountry "ENG"]
[SourceTitle "playchess.com"]
[Source "ChessBase"]
[SourceQuality "1"]
[TimeControl "40/6000+30:3000+30"]

1. d4 Nf6 2. c4 e6 3. Nf3 d5 4. Nc3 Be7 5. Bg5 O-O 6. e3 b6 7. Rc1 Bb7 8. cxd5 Nxd5 9. Nxd5 exd5 10. Bxe7 Qxe7 11. Qc2 c5 12. Bd3 g6 13. dxc5 Rc8 14. b4 a5 15. b5 Rxc5 16. Qb2 Nd7 17. O-O Rac8 18. h3 f6 19. Rfd1 Ne5 20. Be2 Nc4 21. Qd4 Ne5 22. Rxc5 Rxc5 23. Nd2 Nd7 24. Nb3 Rc2 25. Bf3 Qe5 26. Bxd5+ Bxd5 27. Qxd5+ Qxd5 28. Rxd5 Ne5 29. Rd2 Rc3 30. f4 Nd3 31. Nd4 Nb4 32. e4 Ra3 33. Nc6 Rxa2 34. Rd8+ Kf7 35. Rb8 Nxc6 36. bxc6 Rc2 37. Rxb6 a4 38. Rb7+ Ke6 39. Rxh7 Rxc6 40. Ra7 Rc4 41. Ra6+ Kf7 42. e5 Rxf4 43. exf6 Rxf6 44. Rxa4 Rb6 45. Kf2 Rb3 46. Rf4+ Kg7 47. Rf3 Rb2+ 48. Kg3 g5 49. Ra3 Kg6 50. Kf3 Rb4 51. Ra6+ Kf5 52. Ra5+ Kg6 53. Re5 Rf4+ 54. Kg3 Ra4 55. Kf3 Rf4+ 56. Ke3 Ra4 57. Rd5 Ra2 58. Rd2 Ra4 59. g3 Kf5 60. Rd5+ Kf6 61. Kf3 Rb4 62. Ra5 Kg6 63. Re5 g4+ 64. hxg4 Rb1 65. g5 (65. Kg2 $14) 65... Rb3+ $11 66. Kg4 Rb4+ 67. Kh3 Ra4 68. Rb5 Rc4 69. g4 Rc1 70. Ra5 Rb1 71. Kh4 Rh1+ 72. Kg3 Rb1 73. Rf5 Ra1 74. Re5 Rb1 75. Kf4 Rf1+ 76. Kg3 Ra1 77. Rf5 Rb1 78. Kf4 Rb4+ 79. Kf3 Rb1 80. Rf4 Rb3+ 81. Kg2 Kxg5 82. Ra4 Rc3 83. Rb4 1/2-1/2

[Event "4NCL 2023-2024"]
[Site "Daventry"]
[Date "2024.05.04"]
[Round "9.47"]
[White "Manley, Jon P"]
[Black "Kazarian, Anna-Maja"]
[Result "1-0"]
[ECO "C14"]
[WhiteElo "2165"]
[BlackElo "2182"]
[Annotator "RC"]
[PlyCount "99"]
[EventDate "2023.11.11"]
[EventType "team-tourn"]
[EventCountry "ENG"]
[SourceTitle "playchess.com"]
[Source "ChessBase"]
[SourceQuality "1"]
[TimeControl "40/6000+30:3000+30"]

1. e4 e6 2. d4 d5 3. Nc3 Nf6 4. Bg5 Be7 5. e5 Nfd7 6. h4 Bxg5 7. hxg5 Qxg5 8. Nf3 Qe7 9. Qd3 h6 10. O-O-O a6 11. Qe3 c5 12. dxc5 Qxc5 13. Nd4 Nc6 14. f4 b5 15. f5 Bb7 16. Rh4 O-O-O 17. Qg3 Nxd4 18. Rhxd4 Rhg8 19. Be2 Qe7 20. Bh5 Nb6 21. Rf1 exf5 22. Be2 g6 23. Kb1 Rge8 24. Qd3 Qxe5 25. Bf3 Qe3 26. Qd1 Re5 27. a4 bxa4 28. Nxa4 Nxa4 29. Rxa4 Qb6 30. Rd4 Bc6 31. Qd2 g5 32. g3 g4 33. Bh1 Bb5 34. Rd1 Bc4 35. Qc3 Kb8 36. Rxc4 Re3 37. Qb4 Qxb4 38. Rxb4+ Kc7 39. Bxd5 Rd6 40. Rb7+ Kd8 41. Rxf7 Re5 42. c4 Ke8 43. Rh7 Kf8 44. Rh1 Rb6 45. R1xh6 Re1+ 46. Ka2 Rxh6 47. Rxh6 Ke7 48. Rxa6 Re3 49. Ra3 f4 50. gxf4 1-0

[Event "4NCL 2023-2024"]
[Site "Daventry"]
[Date "2024.05.04"]
[Round "9.48"]
[White "Josse, Mark"]
[Black "Hariharan, Shambavi"]
[Result "1/2-1/2"]
[ECO "D13"]
[WhiteElo "2153"]
[BlackElo "1887"]
[Annotator "RC"]
[PlyCount "104"]
[EventDate "2023.11.11"]
[EventType "team-tourn"]
[EventCountry "ENG"]
[SourceTitle "playchess.com"]
[Source "ChessBase"]
[SourceQuality "1"]
[TimeControl "40/6000+30:3000+30"]

1. c4 c6 2. d4 d5 3. Nf3 Nf6 4. Nc3 e6 5. cxd5 cxd5 6. Bg5 Nc6 7. e3 Be7 8. Bd3 h6 9. Bh4 Qb6 10. O-O Bd7 11. a3 Nh5 12. Na4 Qd8 13. Bxe7 Nxe7 14. Nc5 Bc6 15. Ne5 Nf6 16. b4 Rb8 17. Rc1 O-O 18. Nxc6 bxc6 19. Nb3 Qd6 20. Na5 Nd7 21. Bc2 e5 22. Ba4 Rfc8 23. dxe5 Nxe5 24. Qd4 Nd7 25. Qd3 Ne5 26. Qc3 Nd7 27. Nb3 Nb6 28. Nc5 Ng6 29. Rfd1 Nf8 30. Bc2 Nbd7 31. Bf5 g6 32. Bg4 f5 33. Be2 Nxc5 34. Qxc5 Qxc5 35. Rxc5 Ne6 36. Ra5 Rc7 37. g3 Kf7 38. Rc1 Ke7 39. h4 Kd6 40. Kf1 g5 41. hxg5 hxg5 42. Kg2 Rh8 43. Rh1 Rxh1 44. Kxh1 f4 45. Bg4 fxe3 46. fxe3 Ke5 47. Kg2 Nd8 48. Kf3 Nf7 49. Bh5 Nd6 50. Bg6 Nc4 51. Ra6 Kd6 52. Bd3 Ne5+ 1/2-1/2

[Event "4NCL 2023-2024"]
[Site "Daventry"]
[Date "2024.05.05"]
[Round "10.1"]
[White "Adams, Michael"]
[Black "Lupulescu, Constantin"]
[Result "1/2-1/2"]
[ECO "C00"]
[WhiteElo "2677"]
[BlackElo "2588"]
[Annotator "TA"]
[PlyCount "61"]
[EventDate "2023.11.11"]
[EventType "team-tourn"]
[EventCountry "ENG"]
[SourceTitle "playchess.com"]
[Source "ChessBase"]
[SourceQuality "1"]
[TimeControl "40/6000+30:3000+30"]

1. e4 c5 2. Nf3 e6 3. g3 Nc6 4. Bg2 Nf6 5. d3 d5 6. Qe2 Be7 7. a4 b6 8. O-O Bb7 9. Re1 {[%emt 0:01:36] The position is equal.} a6 10. h4 b5 11. axb5 axb5 12. Rxa8 Qxa8 13. Nc3 dxe4 14. Nxe4 O-O 15. Bg5 Nxe4 16. dxe4 Bxg5 17. hxg5 Qa5 18. Rd1 Nd4 19. Nxd4 cxd4 20. Rxd4 Qa1+ 21. Qd1 Qxb2 22. Rd8 {[%emt 0:00:42] [#] White wants to mate with Rxf8+.} g6 23. Rxf8+ Kxf8 $11 {[%emt 0:00:18][%mdl 4096] Endgame. KQB-KQB} 24. Qd7 Qa1+ 25. Kh2 Qa6 26. Qd8+ Kg7 27. Qd4+ Kg8 28. c3 Bc6 29. Qd8+ Kg7 30. Qd4+ Kg8 31. Qd8+ {[%emt 0:01:28] Weighted Error Value: White=0.05 (flawless) /Black=0.05 (flawless) .  Inaccurate:     	White=2     	Black=1      OK:         	White=12    	Black=6      Best:        	---       	Black=6} 1/2-1/2

[Event "4NCL 2023-2024"]
[Site "Daventry"]
[Date "2024.05.05"]
[Round "10.2"]
[White "Shirov, Alexei"]
[Black "Murphy, Conor E"]
[Result "1/2-1/2"]
[ECO "C77"]
[WhiteElo "2668"]
[BlackElo "2478"]
[Annotator "TA"]
[PlyCount "68"]
[EventDate "2023.11.11"]
[EventType "team-tourn"]
[EventCountry "ENG"]
[SourceTitle "playchess.com"]
[Source "ChessBase"]
[SourceQuality "1"]
[TimeControl "40/6000+30:3000+30"]

1. e4 e5 2. Nf3 Nc6 3. Bb5 a6 4. Ba4 Nf6 5. d3 b5 6. Bb3 Bc5 7. Nc3 h6 8. a4 Rb8 9. axb5 axb5 10. Be3 Bxe3 11. fxe3 d6 12. O-O Be6 13. Bxe6 fxe6 14. Ra6 Qd7 15. d4 O-O $1 16. d5 Ne7 {[%emt 0:07:20] [#] Strongly threatening ...b4.} 17. dxe6 $1 Qxe6 18. Qd3 b4 19. Na4 (19. Nd1 $15) 19... Kh7 (19... Qg4 $17 20. Qc4+ Kh8 21. Qxc7 Qxe4) 20. Nc5 Qc8 (20... dxc5 $2 {perishes.} 21. Rxe6 Ng6 22. Qc4 $18 (22. Nxe5 Nxe5 23. Rxe5 Rfd8 $18)) 21. Nb3 Ra8 22. Rxa8 Qxa8 23. Nfd2 Ng4 24. Rf3 Qe8 25. h3 Rxf3 26. gxf3 Nf6 27. Kh2 Qh5 28. Qf1 {[%emt 0:01:45] The position is equal.} Ng6 29. Nc1 Nh4 30. Nd3 c5 31. Ne1 Qg5 32. Qg1 Qh5 33. Qf1 Qg5 34. Qg1 Qh5 {[%emt 0:00:04] Weighted Error Value: White=0.08 (flawless) /Black=0.12 (very precise) .  Mistake:       	White=1     	Black=1      Inaccurate:     	White=1     	Black=1      OK:         	White=9     	Black=6      Strong:       	White=1     	Black=1} 1/2-1/2

[Event "4NCL 2023-2024"]
[Site "Daventry"]
[Date "2024.05.05"]
[Round "10.3"]
[White "Harvey, Marcus R"]
[Black "Svane, Rasmus"]
[Result "1/2-1/2"]
[ECO "D36"]
[WhiteElo "2484"]
[BlackElo "2635"]
[Annotator "TA"]
[PlyCount "113"]
[EventDate "2023.11.11"]
[EventType "team-tourn"]
[EventCountry "ENG"]
[SourceTitle "playchess.com"]
[Source "ChessBase"]
[SourceQuality "1"]
[TimeControl "40/6000+30:3000+30"]

1. c4 e6 2. Nc3 d5 3. d4 Nf6 4. cxd5 exd5 5. Bg5 c6 6. e3 h6 7. Bh4 Be7 8. Qc2 O-O 9. Bd3 Re8 10. Nf3 Ne4 11. Bxe4 {[%emt 0:03:28] [#] Bh7+ would now be deadly.} (11. Bxe7 {simplifies} Qxe7 12. Bxe4 dxe4 13. Nd2) 11... Bxh4 12. Bh7+ Kh8 13. g3 Bf6 14. Bf5 g6 15. Bxc8 Qxc8 16. O-O Bg7 17. Kg2 Nd7 {[%emt 0:01:26] The position is equal.} 18. Rfc1 Nb6 19. Rab1 Qe6 20. Nd2 Rac8 21. Na4 Nxa4 22. Qxa4 a6 23. b4 f5 24. Re1 g5 25. Qc2 Qf7 26. Nf3 Qe6 27. a4 Qe4 28. Qxe4 fxe4 29. Nd2 Bf8 30. g4 Kg7 31. Nf1 Bd6 32. Rec1 Kg6 33. Ng3 Bxg3 34. hxg3 $11 {[%emt 0:00:35][%mdl 4096] Endgame. KRR-KRR} Re6 35. Rc2 Rf8 36. Ra1 Ra8 37. Rb1 Rd6 38. Rc5 Rf6 39. Rb2 h5 40. gxh5+ Kxh5 41. Rc1 Kg6 42. Rh1 Rf7 43. g4 Rh7 44. Rxh7 Kxh7 {[%emt 0:00:06] KR-KR} 45. Rb1 Kg6 46. Kg3 Kf6 47. a5 Rh8 48. Rf1 Ke6 49. Kg2 Rh4 50. Kg3 Rh8 51. f3 exf3 52. Rxf3 Rh1 53. Kg2 Rh4 54. Kg3 Rh1 55. Kg2 Rh4 56. Kg3 Rh1 57. Kg2 {[%emt 0:13:24] Not much happened in this game.   Weighted Error Value: White=0.04 (flawless) /Black=0.03 (flawless) .  Inaccurate:     	White=2     	Black=3      OK:         	White=23    	Black=20     Best:        	---       	Black=1} 1/2-1/2

[Event "4NCL 2023-2024"]
[Site "Daventry"]
[Date "2024.05.05"]
[Round "10.4"]
[White "Svane, Frederik"]
[Black "Speelman, Jon S"]
[Result "1-0"]
[ECO "B12"]
[WhiteElo "2637"]
[BlackElo "2497"]
[Annotator "TA"]
[PlyCount "59"]
[EventDate "2023.11.11"]
[EventType "team-tourn"]
[EventCountry "ENG"]
[SourceTitle "playchess.com"]
[Source "ChessBase"]
[SourceQuality "1"]
[TimeControl "40/6000+30:3000+30"]

1. e4 c6 2. d4 d5 3. e5 Bf5 4. Nf3 e6 5. Be2 c5 6. Be3 cxd4 7. Nxd4 Ne7 8. O-O Nbc6 9. Bb5 a6 10. Bxc6+ bxc6 {[%emt 0:01:24] [#] Black is weak on the dark squares} 11. c4 $1 {[%emt 0:00:36] White has an edge.} Qd7 12. Nc3 dxc4 13. Na4 {[%emt 0:00:10] Excellent horsemanship.} Nd5 {[%emt 0:01:15] Dodges Nb6} 14. Nxf5 exf5 15. Qd4 Be7 16. Qxc4 O-O (16... Nxe3 $5 17. fxe3 Rb8 $11) 17. Bc5 $36 {[%emt 0:00:55][%mdl 2048] White is more active.} f4 (17... Rfe8 $11) 18. Rfe1 f3 19. gxf3 Rab8 20. b3 ({Don't play} 20. Qxa6 Ra8 21. Qc4 Rxa4 22. Qxa4 Bxc5 $15) 20... Rb5 21. Rac1 Re8 ({Better is} 21... h5 $14) 22. Qg4 $16 {[%emt 0:09:38] White is more active.} Qxg4+ 23. fxg4 Nf4 24. Bxe7 Rxe7 25. Rxc6 {[%emt 0:00:08] Threatening mate with Rc8+.} h5 26. Rc4 (26. Rxa6 Rbxe5 27. Rxe5 Rxe5 $15) 26... g5 {[%emt 0:01:28] [#]} 27. h4 $1 Rbxe5 (27... hxg4 28. hxg5) 28. Rxe5 Rxe5 29. hxg5 Ne6 (29... Nd3 $142 30. gxh5 Rxg5+ 31. Kf1 Rf5) 30. f4 {[%emt 0:02:21] Weighted Error Value: White=0.07 (flawless) /Black=0.22 (precise) .  Mistake:       	---       	Black=3      Inaccurate:     	White=2     	Black=2      OK:         	White=11    	Black=5      Best:        	White=1     	Black=2} ({Weaker is} 30. gxh5 Rxg5+ 31. Kf1 Rxh5 $16) 1-0

[Event "4NCL 2023-2024"]
[Site "Daventry"]
[Date "2024.05.05"]
[Round "10.5"]
[White "Wadsworth, Matthew J"]
[Black "Parligras, Mircea-Emilian"]
[Result "1/2-1/2"]
[ECO "A13"]
[WhiteElo "2470"]
[BlackElo "2561"]
[Annotator "TA"]
[PlyCount "143"]
[EventDate "2023.11.11"]
[EventType "team-tourn"]
[EventCountry "ENG"]
[SourceTitle "playchess.com"]
[Source "ChessBase"]
[SourceQuality "1"]
[TimeControl "40/6000+30:3000+30"]

1. c4 e6 2. g3 d5 3. Bg2 dxc4 4. Qa4+ Nd7 5. Qxc4 a6 6. Qc2 Ngf6 7. Nf3 c5 8. Nc3 Qc7 {[%emt 0:04:46] A13: English Opening: 1...e6.} 9. d4 b5 10. Bf4 Bd6 11. Bxd6 Qxd6 12. Ne4 Nxe4 13. Qxe4 Rb8 14. dxc5 Nxc5 15. Qe3 $146 ({Predecessor:} 15. Qe5 Qxe5 16. Nxe5 Bb7 17. Bxb7 Nxb7 18. Rc1 f6 19. Nd3 Kd7 20. Kd2 Rhc8 21. Ke3 a5 22. b3 Nd6 23. g4 b4 24. Rhd1 e5 25. Nc5+ {½-½ Giri,A (2708)-Sarana,A (2629) Wch Rapid Almaty 2022 (12)}) 15... Bb7 16. O-O O-O 17. Rfd1 Qb6 18. Rac1 Rbc8 19. Ne5 Bxg2 20. Kxg2 a5 21. b3 f6 22. Nf3 Rc7 23. a3 b4 24. axb4 Qxb4 25. Rc4 Qb6 26. Rdc1 Rfc8 27. h4 Qd6 28. h5 h6 29. Qc3 Qb6 30. Qe3 Qd6 31. Nd4 Na6 32. Rxc7 Rxc7 33. Ra1 (33. Nxe6 $2 {too greedy.} Rxc1 34. Qxc1 Qxe6 $19) 33... Qd5+ (33... Rc5 {simplifies} 34. Qxe6+ Qxe6 35. Nxe6 Rxh5 36. Nd8 Rb5) 34. Kg1 Kf7 35. Qd3 Nb4 36. Qg6+ Kf8 37. e3 Rc5 38. Qg4 Kf7 $1 39. Rd1 Qxh5 40. Qxe6+ Kg6 41. Qe4+ Kf7 42. Nf3 Rd5 (42... Nd3 $5) 43. Rc1 Rc5 44. Qb7+ (44. Rxc5 {simplifies} Qxc5 45. Qb7+ Kf8 46. Nd4) 44... Kg6 (44... Kg8 $14 45. Rxc5 Qxc5) 45. Nh4+ $16 Kh7 {[%emt 0:00:05] [#]} 46. Rxc5 $1 Qxc5 47. Qe4+ Kg8 $1 48. Ng6 ({White should try} 48. Nf5 $14 Qf8 49. Nd4) 48... Kf7 $11 49. Nh8+ Kg8 50. Ng6 Kf7 51. Nf4 Qc1+ 52. Kh2 Qc6 (52... Qc8 $1 $11 {remains equal.}) 53. Qg6+ (53. Qf5 $16) 53... Kf8 $1 $14 54. Qg4 Qc2 $1 55. Qf3 Nc6 56. Kg2 Ne7 57. Ne6+ Kf7 58. Nd4 Qc5 59. Qb7 h5 60. Qd7 Qe5 61. Kg1 g5 (61... Qe4 $11) 62. Nc6 (62. Nb5 $16) 62... Qe4 $1 $11 63. Nd8+ Kf8 $1 64. Ne6+ Kf7 65. Nd8+ Kf8 $1 66. Qd6 Qb1+ 67. Kh2 Qf5 68. Kg2 Qe4+ (68... Ke8 $5) 69. Kg1 Qb1+ 70. Kh2 Qf5 71. Kg2 Qe4+ 72. Kg1 1/2-1/2

[Event "4NCL 2023-2024"]
[Site "Daventry"]
[Date "2024.05.05"]
[Round "10.6"]
[White "Erdos, Viktor"]
[Black "Turner, Matthew J"]
[Result "1/2-1/2"]
[ECO "D63"]
[WhiteElo "2546"]
[BlackElo "2454"]
[Annotator "TA"]
[PlyCount "35"]
[EventDate "2023.11.11"]
[EventType "team-tourn"]
[EventCountry "ENG"]
[SourceTitle "playchess.com"]
[Source "ChessBase"]
[SourceQuality "1"]
[TimeControl "40/6000+30:3000+30"]

1. d4 Nf6 2. c4 e6 3. Nf3 d5 4. Nc3 Nbd7 5. Bg5 h6 6. Bh4 Be7 7. e3 O-O 8. Rc1 c5 9. dxc5 dxc4 10. Bxc4 Nxc5 11. O-O Bd7 12. Ne5 {[%emt 0:06:26] aiming for b4.} Be8 13. Qe2 Nfd7 14. Bg3 Nxe5 15. Bxe5 Nd7 16. Rfd1 Qa5 {[%emt 0:01:23] Repels Bb5} 17. Bd4 Ne5 {[%emt 0:07:21] Repels Qf3} 18. Bxe5 {[%emt 0:16:56] Not much happened in this game.   Weighted Error Value: White=0.10 (very precise) /Black=0.04 (flawless) .  Inaccurate:     	White=2     	Black=1      OK:         	White=5     	Black=8} 1/2-1/2

[Event "4NCL 2023-2024"]
[Site "Daventry"]
[Date "2024.05.05"]
[Round "10.7"]
[White "Gasanov, Eldar"]
[Black "Jaracz, Pawel"]
[Result "1/2-1/2"]
[ECO "E12"]
[WhiteElo "2475"]
[BlackElo "2470"]
[Annotator "TA"]
[PlyCount "72"]
[EventDate "2023.11.11"]
[EventType "team-tourn"]
[EventCountry "ENG"]
[SourceTitle "playchess.com"]
[Source "ChessBase"]
[SourceQuality "1"]
[TimeControl "40/6000+30:3000+30"]

1. d4 Nf6 2. c4 e6 3. Nf3 b6 4. Nc3 Bb4 5. Qb3 c5 6. Bg5 Bb7 7. e3 Nc6 8. a3 Na5 9. Qc2 Be4 (9... Bxc3+ $15 10. Qxc3 Bxf3 11. gxf3 cxd4 12. exd4 Rc8) 10. Bd3 $11 Bxd3 11. Qxd3 Bxc3+ 12. bxc3 h6 13. Bh4 Rc8 14. Nd2 cxd4 15. cxd4 d5 16. cxd5 exd5 17. Qf5 Qd7 18. Qe5+ Qe6 19. Bxf6 (19. Qxe6+ fxe6 20. Ke2 Kd7 $11) 19... gxf6 20. Qf4 Rg8 21. g3 (21. Qxh6 Rxg2 22. Rf1 Qf5 $19) 21... Rc2 22. Rd1 Rg4 23. Qb8+ Rc8 (23... Qc8 $1 $14 24. Qxc8+ (24. Qxa7 Rb2 $11) 24... Rxc8) 24. Qxa7 $16 Rxd4 25. O-O Rd3 26. Nf3 Rxd1 27. Rxd1 Qg4 {[%emt 0:00:00] Prevents Nd4} (27... Nc4 $16 {was necessary.}) 28. Rxd5 (28. Qxb6 Qxf3 29. Qb5+ Kf8 30. Qxd5 Qxd5 31. Rxd5 Rc1+ 32. Kg2 Nc4 $19) (28. Qa6 $18) 28... Nc6 $1 $14 29. Qb7 ({Inferior is} 29. Qxb6 Qxf3 30. Qb5 Kf8 $17) ({Better is} 29. h3 $1 $14 Qxg3+ 30. fxg3 Nxa7 31. Rh5) 29... Nd8 $1 $132 {[%emt 0:00:00][%mdl 2048] [#] Black puts up resistance. The position is equal.} 30. Rxd8+ Rxd8 {[%emt 0:00:00][%mdl 4096] Endgame. KQR-KQN} 31. Qc6+ Ke7 32. Nd4 Rxd4 33. exd4 Qxd4 34. a4 Kf8 35. h4 Kg7 36. Kg2 f5 {[%emt 0:02:29] Weighted Error Value: White=0.13 (very precise) /Black=0.11 (very precise) .  Mistake:       	White=2     	Black=3      Inaccurate:     	White=1     	Black=1      OK:         	White=9     	Black=12     Best:        	White=3     	Black=1      Strong:       	---       	Black=2      Brilliant:      	White=1     	---} 1/2-1/2

[Event "4NCL 2023-2024"]
[Site "Daventry"]
[Date "2024.05.05"]
[Round "10.8"]
[White "Terbe, Julianna"]
[Black "Toma, Katarzyna"]
[Result "1/2-1/2"]
[ECO "D02"]
[WhiteElo "2276"]
[BlackElo "2204"]
[Annotator "TA"]
[PlyCount "51"]
[EventDate "2023.11.11"]
[EventType "team-tourn"]
[EventCountry "ENG"]
[SourceTitle "playchess.com"]
[Source "ChessBase"]
[SourceQuality "1"]
[TimeControl "40/6000+30:3000+30"]

1. d4 Nf6 2. Nf3 e6 3. Bf4 d5 4. e3 Bd6 5. Nbd2 b6 6. c3 O-O 7. Ne5 c5 8. Qf3 Qc7 9. h4 Ba6 (9... cxd4 $142 10. cxd4 Nbd7) 10. Bxa6 $11 Nxa6 11. h5 cxd4 12. exd4 Ne8 (12... Nc5 {keeps more tension.} 13. h6 g6 14. Bh2 Nce4) 13. Nd3 {[%emt 0:32:41] White is more active.} Rc8 14. O-O Nb8 15. Rae1 Nd7 16. Re3 a5 17. Qg4 Ndf6 18. Qh4 Bxf4 19. Nxf4 h6 20. Nd3 Nd6 21. g4 {[%emt 0:03:29] Prevents Nf5.} Qd8 (21... Nfe4 $15 {should be considered.} 22. Re2 Nxd2 23. Rxd2 Ra8) 22. f4 {[%emt 0:07:29][%cal Bf2f4,Bf4f5][%mdl 32] The position is equal.} Nfe4 23. Qxd8 Rfxd8 24. Nxe4 Nxe4 25. f5 b5 26. a3 {[%emt 0:05:40] Weighted Error Value: White=0.11 (very precise) /Black=0.14 (very precise) .  Mistake:       	---       	Black=2      Inaccurate:     	White=5     	Black=3      OK:         	White=8     	Black=8} 1/2-1/2

[Event "4NCL 2023-2024"]
[Site "Daventry"]
[Date "2024.05.05"]
[Round "10.9"]
[White "Pein, Malcolm"]
[Black "Jones, Gawain C B"]
[Result "0-1"]
[ECO "D30"]
[WhiteElo "2272"]
[BlackElo "2620"]
[Annotator "TA"]
[PlyCount "50"]
[EventDate "2023.11.11"]
[EventType "team-tourn"]
[EventCountry "ENG"]
[SourceTitle "playchess.com"]
[Source "ChessBase"]
[SourceQuality "1"]
[TimeControl "40/6000+30:3000+30"]

1. d4 d5 2. c4 e6 3. Nf3 a6 4. Bg5 Be7 5. Bxe7 Nxe7 6. Nbd2 Nd7 7. g3 b6 8. Bg2 {[%emt 0:00:08] White has an edge.} Bb7 9. O-O O-O 10. cxd5 exd5 11. Rc1 Rc8 12. Qb3 c5 13. dxc5 Nxc5 14. Qa3 Nc6 15. Nb3 Ne6 16. Rcd1 Qf6 ({Black should try} 16... a5 $11) 17. e3 (17. Rxd5 $14 a5 18. Rd6) 17... a5 $11 18. Rd2 (18. Rxd5 $2 Nb4 19. Rd2 Bxf3 $19) 18... Nb4 19. Nfd4 Ng5 20. Qa4 Ba6 21. Rfd1 Rc4 22. Qd7 {[%emt 0:07:27] [#]} (22. Rc1 $11 {keeps the balance.}) 22... Bc8 $1 $17 23. Qb5 {[%emt 0:00:42] [#]} Qd8 (23... Rd8 $1 $17 {[%cal Oc8d7] Hoping for ...Bd7!} 24. Ne6 Nxe6 (24... Qxe6 $2 25. Qxc4 h6 26. Qc7 $18) 25. Qxb6 Rc2 (25... Nxa2 26. Bxd5 Rxd5 27. Rxd5 $15) 26. Qxa5 Rxd2 27. Rxd2 Nc6) 24. Ne6 Nxe6 $15 (24... fxe6 25. Qxc4 Nf7 26. Qh4 Qxh4 27. gxh4 Nxa2 28. e4 dxe4 29. Re1 $16 (29. Bxe4 Nb4 $18)) 25. Rxd5 (25. Bxd5 $15 Ba6 26. Bxc4 Bxb5 27. Rxd8 Bxc4 28. Rxf8+ Kxf8 29. Rd6) 25... Nxd5 {[%emt 0:01:39] Weighted Error Value: White=0.42/Black=0.11 (very precise) .  Loses game:     	White=1     	---        Mistake:       	White=3     	Black=2      Inaccurate:     	White=3     	---        OK:         	White=8     	Black=10     Strong:       	---       	Black=1} 0-1

[Event "4NCL 2023-2024"]
[Site "Daventry"]
[Date "2024.05.05"]
[Round "10.10"]
[White "Rowson, Jonathan"]
[Black "Horton, Jamie A"]
[Result "1-0"]
[ECO "D31"]
[WhiteElo "2527"]
[BlackElo "2183"]
[Annotator "TA"]
[PlyCount "105"]
[EventDate "2023.11.11"]
[EventType "team-tourn"]
[EventCountry "ENG"]
[SourceTitle "playchess.com"]
[Source "ChessBase"]
[SourceQuality "1"]
[TimeControl "40/6000+30:3000+30"]

1. d4 d5 2. c4 e6 3. Nc3 a6 4. g4 dxc4 5. Bg2 Be7 6. Nf3 Nf6 7. g5 Nd5 8. h4 b5 9. h5 Bb7 10. a4 Nxc3 11. bxc3 Nd7 12. axb5 axb5 13. Rb1 Bc6 14. Qc2 Ra5 15. e4 Bb7 16. Be3 Qa8 17. Nd2 c5 18. O-O O-O 19. g6 cxd4 (19... hxg6) 20. cxd4 f5 (20... hxg6 21. hxg6 Ra2 (21... fxg6 22. Bh3 $11) 22. Rb2 Rxb2 23. gxf7+ Rxf7 24. Qxb2) 21. Bh3 $2 (21. d5) 21... Nf6 (21... Bxe4 22. Nxe4 Ra2 23. Rb2 Rxb2 24. Qxb2 Qxe4 (24... fxe4 $2 25. Bxe6+ Kh8 26. Bxd7 $18) 25. Qxb5 $15 (25. gxh7+ Kxh7 26. Qxb5 Qh4 $19) (25. Bg2 Qg4 $17)) 22. exf5 exf5 (22... Nxh5 23. Nxc4 bxc4 24. Qxc4 $17) (22... Ra2 23. Qd1 Bd5 24. fxe6 $17 (24. gxh7+ $2 Kh8 $19)) 23. Bg5 (23. gxh7+ Kh8 (23... Kxh7 24. Qxf5+ Kh8 25. Rxb5 $15) (23... Nxh7 $2 24. Bxf5 Ng5 25. Bg4 $19) 24. Bf4 Nxh5 $19 (24... Kxh7 25. Qxf5+ Kh8 26. h6 $11)) 23... Bd6 24. Bxf5 Nxh5 25. Rfe1 b4 26. Be6+ Kh8 27. Be3 c3 (27... Rg5+ $142 28. Bxg5 Bh2+ 29. Kxh2 Rxf2+ 30. Kh3 Bc8 31. Kg4 Qg2+ 32. Kxh5 Qh2+ 33. Bh4 Rf4 34. Nf3 Qxc2 35. Kg5 Rxf3 36. Bg3 Qxg6+ (36... Rxg3+ $2 37. Kf4 $19) 37. Kh4 Bxe6 (37... Qxg3+ $2 38. Kh5 g6+ 39. Kh6 Qh4#) 38. Rxe6 Qxg3+ 39. Kh5 Rf5#) 28. Nc4 Ra2 $2 (28... Qd8 29. Bg4 b3 (29... Qh4 $2 30. f3 $19)) 29. Qb3 $2 (29. Nxd6 $19 Rxc2 30. Nf7+ Rxf7 31. gxf7) 29... Be7 $2 (29... Bh2+ {mates} 30. Kxh2 Raxf2+ 31. Bxf2 Rxf2+ 32. Kh3 Bg2+ (32... hxg6 $2 33. Qc2 $19) 33. Kh4 Qd8+ (33... hxg6 34. Bc8 Qf3 35. Re8+ Kh7 36. Rh8+ Kxh8 37. Qxc3 Qf6+ 38. Kg4 Qf4#) 34. Kxh5 Bf3+ 35. Bg4 Rh2#) 30. Nb6 $2 (30. Ne5 Ra5 31. Qc4 (31. Nf7+ Rxf7 32. gxf7 Nf6 $17)) 30... Qa5 $2 (30... Rf6 31. Bf7 Rxb6) 31. Qxa2 $19 Qxb6 32. d5 Qc7 33. Qa4 {[%emt 0:01:39] [#]} Nf4 $2 ({Stronger than} 33... hxg6 34. Rxb4 Bxb4 35. Qxb4 $11) ({Better is} 33... Qc4 $1 $19 34. Rbd1 (34. Qd7 $2 Qh4 $19) 34... Nf4 (34... hxg6 35. Qd7 $14) (34... Qe4 35. Rd4 $11)) 34. Rxb4 $1 $11 Nxd5 $2 {[%emt 0:00:32][%mdl 8192] [#]} (34... Bxb4 $11 35. Qxb4 Nxg6 (35... Nxd5 36. Qxf8#)) 35. Rxb7 $1 $18 (35. Rc4 Qe5 36. Bf7 Qf5 $15) 35... Qxb7 36. Qe4 Qb4 37. Bxd5 Qxe4 38. Bxe4 hxg6 39. Kg2 Rd8 40. Bb6 Rd7 41. Bxg6 Rd6 42. Bc2 Rxb6 43. Rxe7 g6 (43... Kg8 $18 44. Rc7 Rb5 45. Rxc3 Kf7) 44. Rc7 Kg8 45. Rxc3 Kg7 46. Be4 Re6 47. f3 Re5 48. Kg3 g5 49. Kg4 Kf7 50. Rc7+ Kf6 51. Rc6+ Kf7 52. Bf5 Re3 53. Be4 (53. Kxg5 $142 Re7 54. Rf6+ Ke8 55. Bg6+ Kd8 56. Rf8+ Kd7 57. Rf7 Rxf7 58. Bxf7) 1-0